 Dungeon Crawl Stone Soup version 0.20-a0-1111-g4e342e6 (webtiles) character file.

96 ragan the Cudgeler (level 4, -1/45 HPs)
             Began as a Troll Berserker on May 6, 2017.
             Was a Believer of Trog.
             Slain by Sigmund
             ... wielding a +0 scythe of venom
              (14 damage)
             ... on level 3 of the Dungeon.
             The game lasted 00:10:09 (2066 turns).

ragan the Cudgeler (Troll Berserker)                Turns: 2066, Time: 00:10:09

Health: -1/45      AC:  5    Str: 26    XL:     4   Next: 41%
Magic:  3/3        EV: 10    Int:  3    God:    Trog [**....]
Gold:   122        SH:  0    Dex:  9    Spells: 3/3 levels left

rFire    . . .     SeeInvis .   a - +0 mace
rCold    . . .     Gourm    +   (no shield)
rNeg     . . .     Faith    .   g - +0 robe
rPois    .         Spirit   .   (helmet restricted)
rElec    .         Reflect  .   (no cloak)
rCorr    .         Harm     .   (gloves unavailable)
MR       .....                  (boots unavailable)
Stlth    +.........             (no amulet)
Regen    0.6/turn               (no ring)
MPRegen  0.1/turn               (no ring)

@: lethally poisoned (-1 -> -36)
A: unfitting armour, claws 3, fast metabolism 3, gourmand, regeneration 1,
shaggy fur 1, tough skin 2
a: Berserk, Trog's Hand, Burn Spellbooks, Renounce Religion


You were on level 3 of the Dungeon.
You worshipped Trog.
Trog was pleased with you.
You were full.

You visited 1 branch of the dungeon, and saw 3 of its levels.

You collected 122 gold pieces.

Inventory:

Hand Weapons
 a - a +0 mace (weapon)
Armour
 b - a +0 animal skin
 g - a +0 robe (worn)
 l - a +0 ring mail
Jewellery
 o - a cursed +3 ring of dexterity {unknown}
Scrolls
 e - a scroll of teleportation
 f - a scroll of identify
 h - a scroll of enchant armour
 n - a scroll of recharging {unknown}
Potions
 i - 2 potions of curing
 m - a potion of ambrosia
Comestibles
 c - a bread ration
 j - 5 fruits


   Skills:
 + Level 3.2 Fighting
 + Level 3.5 Maces & Flails
 + Level 3.0 Dodging


You had 3 spell levels left.
You didn't know any spells.

Dungeon Overview and Level Annotations

Branches:
Dungeon (3/15)

Altars:
Nemelex Xobeh
Vehumet
Wu Jian

Annotations:
D:3 Sigmund


Innate Abilities, Weirdness & Mutations

You are too large for most types of armour.
You have claws for hands.
Your metabolism is lightning-fast.
You like to eat raw meat.
Your natural rate of healing is unusually fast.
You are covered in fur. (AC +1)
You have very tough skin. (AC +2)


Message History

You hear some strange, mumbled words.
A puff of flame appears from out of thin air!
The puff of flame misses you.
You hit something but do no damage.
You feel very sick. Something hits you.
You are more poisoned.
You hit something but do no damage.
You feel very sick. Something hits you!
You are lethally poisoned!
You hit something but do no damage.
You feel very sick. Something hits you but does no damage.
You are more poisoned.
You barely miss something.
* * * LOW HITPOINT WARNING * * *
You feel very sick. Something hits you!
You die...

#### ...
..### #.#..
#.#.###
#.#.#<#
#.#.#.#
#.#'#.#
#@.†..#
#{....#
#.....#
#.#.#.#
.........
#.#.#(#.#.#
...#.#.#.#.#
## #.#.#.# #
#. .#


There were no monsters in sight!

Vanquished Creatures
  Robin (D:2)
  An adder (D:2)
  An ooze (D:2)
  A worm (D:2)
  2 dart slugs
  2 leopard geckos
  A ball python (D:1)
  5 bats
  5 giant cockroaches
  13 goblins
  6 hobgoblins
  4 jackals (D:1)
  6 kobolds
  A quokka (D:2)
  3 frilled lizards
  3 rats
  A bush (D:2)
  3 plants (D:2)
59 creatures vanquished.

Notes
Turn   | Place    | Note
-------+----------+-------------------------------------------
     0 | D:1      | ragan the Troll Berserker began the quest for the Orb.
     0 | D:1      | Reached XP level 1. HP: 22/22 MP: 0/0
   267 | D:1      | Reached XP level 2. HP: 29/29 MP: 1/1
   806 | D:1      | Reached ** piety under Trog
   806 | D:1      | Reached XP level 3. HP: 35/37 MP: 2/2
   974 | D:2      | Found a sparkling altar of Nemelex Xobeh.
   974 | D:2      | Found a faded altar of an unknown god.
   979 | D:2      | Found an ornate altar of the Wu Jian Council.
   984 | D:2      | Found a faded altar of an unknown god.
   986 | D:2      | Found a radiant altar of Vehumet.
  1363 | D:2      | Noticed Robin
  1369 | D:2      | Reached XP level 4. HP: 35/45 MP: 3/3
  1399 | D:2      | Killed Robin
  2044 | D:3      | Noticed Sigmund
  2066 | D:3      | Slain by Sigmund

Vault maps used:
D:1:      eino_arrival_water_cross
D:2:      chequers_temple_overflow_minitemple, serial_forest,
          infiniplex_forest_clump_cross, infiniplex_forest_side_room,
          infiniplex_forest_end_3, infiniplex_forest_straight_2,
          infiniplex_forest_clump_large, grunt_decor_mini_mirrors, uniq_robin
D:3:      lemuel_round_altar, uniq_jessica, uniq_sigmund

Skill      XL: |  1  2  3  4 |
---------------+-------------+-----
Maces & Flails | 3 |  3.5
Fighting       | 3 |  3.2
Dodging        | 3 |  3.0

Action                   |  1- 3 |  4- 6 || total
-------------------------+-------+-------++-------
Melee: Mace              |   138 |   260 ||   398
  Use: Scroll            |     7 |     1 ||     8
       Potion            |       |     1 ||     1
  Eat: Chunk             |     9 |       ||     9
       Bread ration      |       |     2 ||     2
       Meat ration       |       |     1 ||     1
Armor: Animal skin       |    53 |       ||    53
       Robe              |    15 |     9 ||    24
Dodge: Dodged            |    88 |    24 ||   112
